 Dungeon Crawl Stone Soup version 0.19-a0-1821-g42c593c (webtiles) character file.

1318 Ryco the Cleaver (level 8, -1/105 HPs)
             Began as a Minotaur Berserker on Oct 6, 2016.
             Was a Believer of Trog.
             Slain by an orc warrior
             ... wielding a +0 battleaxe
              (10 damage)
             ... on level 7 of the Dungeon.
             The game lasted 00:10:51 (1433 turns).

Ryco the Cleaver (Minotaur Berserker)               Turns: 1433, Time: 00:10:51

Health: -1/105     AC:  9    Str: 29    XL:     8   Next: 33%
Magic:  7/7        EV: 10    Int:  4    God:    Trog [**....]
Gold:   214        SH:  0    Dex: 10    Spells: 0 memorised, 7 levels left

rFire  . . .     SeeInvis .     a - +0 war axe
rCold  . . .     Gourm    .     k - +0 chain mail (curse)
rNeg   . . .     Faith    .     (no shield)
rPois  .         Spirit   .     (helmet restricted)
rElec  .         Dismiss  .     (no cloak)
rCorr  .         Reflect  .     (no gloves)
MR     .....     Harm     .     (no boots)
Stlth  ..........               (no amulet)
                                (no ring)
                                (no ring)

@: berserking (expiring), very quick
A: retaliatory headbutt, horns 2
a: Berserk, Trog's Hand, Burn Spellbooks, Renounce Religion


You were on level 7 of the Dungeon.
You worshipped Trog.
Trog was pleased with you.
You were very hungry.

You visited 1 branch of the dungeon, and saw 7 of its levels.

You collected 214 gold pieces.

Inventory:

Hand Weapons
 a - a +0 war axe (weapon)
 u - a +0 broad axe
Armour
 k - a cursed +0 chain mail (worn)
Wands
 i - a wand of acid (8/15)
 o - a wand of acid (8/15)
Scrolls
 d - a scroll of random uselessness {unknown}
 f - a scroll of enchant weapon {unknown}
 g - 2 scrolls of magic mapping {unknown}
 j - 2 scrolls of identify {unknown}
 l - a scroll of amnesia {unknown}
 m - a scroll of fear {unknown}
 p - 9 scrolls of remove curse {unknown}
 q - a scroll of blinking {unknown}
 r - a scroll of immolation {unknown}
Potions
 b - a potion of beneficial mutation {unknown}
 e - 2 potions of ambrosia {unknown}
 h - 2 potions of heal wounds {unknown}
 n - a potion of lignification {unknown}
Comestibles
 c - 7 bread rations
 s - 6 chunks of flesh
 t - a meat ration


   Skills:
 + Level 6.1 Fighting
 * Level 10.3 Axes
 + Level 4.8 Armour
 + Level 3.6 Dodging


You had 7 spell levels left.
You didn't know any spells.

Dungeon Overview and Level Annotations

Branches:
Dungeon (7/15)             Temple (0/1) D:4

Altars:
Ashenzari
Dithmenos
Hepliaklqana

Shops:
D:4 =


Innate Abilities, Weirdness & Mutations

You reflexively headbutt those who attack you in melee.
You have a pair of horns on your head.


Message History

You barely miss the hound.
You hit the orc warrior but do no damage.
The hound bites you but does no damage.
You are feeling very hungry.
You closely miss the hound. You closely miss the orc warrior.
The hound bites you.
* * * LOW HITPOINT WARNING * * *
The orc warrior hits you with a battleaxe!
* * * LOW HITPOINT WARNING * * *
Unknown command.
You hit the hound.
The hound is moderately wounded.
You closely miss the orc warrior. The hound completely misses you.
You furiously retaliate!
You headbutt the hound!
You kill the hound!
Trog accepts your kill.
You barely miss the orc warrior. You headbutt the orc warrior!
The orc warrior is severely wounded.
The orc warrior hits you with a battleaxe!
You die...

######.......##
#..<..###.....##########
#.##.##
##.#...........###. .(
...# #.................
#.#..#.#
#.##.#†...###<#### #
#..##. #.###.#..#.# #. #
..# #.#..#.# #. #.#
###o.†.#.. # #..
#.†@#######
...#........(#
##...##.####.# .. #. # #


You could see an orc warrior.

Vanquished Creatures
  Sigmund (D:5)
  Eustachio (D:5)
  An ice beast (D:7)
  2 phantoms
  2 ogres
  2 crimson imps
  A jelly (D:7)
  3 hounds
  3 orc priests
  An orc wizard (D:3)
  An iguana (D:4)
  7 worker ants
  A hound skeleton (D:4)
  4 adders
  2 adder skeletons (D:4)
  2 worms
  4 leopard geckos
  4 orcs
  3 goblins
  8 hobgoblins
  3 kobolds
  2 quokkas (D:2)
  A ball python (D:3)
  6 bats
  3 frilled lizards
  4 rats
72 creatures vanquished.

Vanquished Creatures (others)
  4 toadstools (D:1)
4 creatures vanquished.

Grand Total: 76 creatures vanquished

Notes
Turn   | Place    | Note
-------+----------+-------------------------------------------
     0 | D:1      | Ryco the Minotaur Berserker began the quest for the Orb.
     0 | D:1      | Reached XP level 1. HP: 19/19 MP: 0/0
   133 | D:2      | Reached skill level 4 in Axes
   133 | D:2      | Reached XP level 2. HP: 27/27 MP: 1/1
   308 | D:2      | Reached XP level 3. HP: 33/33 MP: 2/2
   466 | D:3      | Reached skill level 5 in Axes
   466 | D:3      | Reached XP level 4. HP: 40/40 MP: 3/3
   523 | D:3      | Reached ** piety under Trog
   534 | D:3      | Found a hazy altar of Hepliaklqana.
   557 | D:5      | Entered Level 5 of the Dungeon
   557 | D:5      | Noticed Sigmund
   563 | D:5      | Killed Sigmund
   563 | D:5      | Reached skill level 6 in Axes
   563 | D:5      | Reached XP level 5. HP: 47/47 MP: 4/4
   597 | D:5      | Reached skill level 5 in Fighting
   597 | D:5      | Reached XP level 6. HP: 38/56 MP: 5/5
   632 | D:4      | Found a staircase to the Ecumenical Temple.
   637 | D:4      | Reached skill level 7 in Axes
   689 | D:3      | Reached XP level 7. HP: 43/61 MP: 6/6
   822 | D:2      | Found a shadowy altar of Dithmenos.
   886 | D:4      | Found Aceczoto's Jewellery Emporium.
   980 | D:4      | Reached skill level 8 in Axes
  1293 | D:5      | Noticed Eustachio
  1300 | D:5      | Killed Eustachio
  1324 | D:6      | Reached skill level 9 in Axes
  1341 | D:6      | Found a shattered altar of Ashenzari.
  1345 | D:6      | Reached XP level 8. HP: 70/70 MP: 7/7
  1407 | D:7      | Reached skill level 10 in Axes
  1433 | D:7      | Slain by an orc warrior

Vault maps used:
D:1:      ldierk_water_garden
D:2:      grunt_dithmenos_smoke_and_mirrors, kennysheep_slug_shrine,
          nemelex_xobeh_ov_fountains_minmay
D:3:      grunt_temple_overflow_lords_of_destruction,
          nicolae_overflow_hidden_temple
D:4:      minmay_opposing_rooms, dancing_weapons_uskayaw, first_bread,
          serial_shops, nicolae_shop_statue_plus, minmay_surrounded
D:5:      marbit_many_paths, uniq_sigmund, uniq_eustachio
D:6:      cheibrodos_quashed, kennysheep_little_box, bloody_trog, serial_glass,
          glass_columns_a, glass_columns_a, columned_hall_lemuel
D:7:      serial_shops, shop_fountains

Skill      XL: |  1  2  3  4  5  6  7  8 |
---------------+-------------------------+-----
Axes           | 4 5 6 7 9 10 | 10.3
Fighting       | 4 5 6 |  6.1
Dodging        | 3 |  3.6
Armour         | 3 4 |  4.8

Action                   |  1- 3 |  4- 6 |  7- 9 || total
-------------------------+-------+-------+-------++-------
Melee: Hand axe          |    53 |    51 |    32 ||   136
       Headbutt          |     4 |    12 |    13 ||    29
       War axe           |       |       |    84 ||    84
Invok: Berserk           |     1 |     2 |     5 ||     8
       Trog's Hand       |       |     1 |     3 ||     4
  Eat: Chunk             |       |     3 |     4 ||     7
       Pizza             |       |       |     1 ||     1
       Beef jerky        |       |       |     1 ||     1
Armor: Ring mail         |    17 |     2 |       ||    19
       Chain mail        |       |    22 |    63 ||    85
Dodge: Dodged            |    42 |    27 |    50 ||   119
